 Dungeon Crawl Stone Soup version 0.25-a0-782-g655279ceaa (webtiles) character file.

Game seed: 10198840193543137805, levelgen mode: deterministic

183267 Lugonue the Severer (level 17, -10/150 HPs)
             Began as a Hill Orc Fire Elementalist on Apr 16, 2020.
             Was an Elder of Elyvilon.
             Mangled by an orc knight
             ... wielding a +0 great sword
              (13 damage)
             ... on level 1 of the Vaults.
             The game lasted 02:09:31 (39050 turns).

Lugonue the Severer (Hill Orc Fire Elementalist)   Turns: 39050, Time: 02:09:32

Health: -10/150    AC: 27    Str: 19    XL:     17   Next: 99%
Magic:  16/28      EV: 17    Int: 15    God:    Elyvilon [****..]
Gold:   435        SH:  7    Dex: 14    Spells: 13/31 levels left

rFire    . . .     SeeInvis .   m - +2 broad axe (flame)
rCold    + . .     Gourm    +   y - +2 buckler
rNeg     . . .     Faith    .   B - +0 swamp dragon scales
rPois    +         Spirit   .   (helmet restricted)
rElec    .         Reflect  .   N - +2 cloak {MR+}
rCorr    .         Harm     .   K - +1 pair of gloves
MR       ++...                  p - +0 pair of boots
Stlth    ++........             W - amulet of the gourmand
HPRegen  0.35/turn              q - +5 ring of protection
MPRegen  0.21/turn              x - ring of wizardry

@: about to teleport, slowed, very slow
A: beak, slimy green scales 1, agile 1, blurry vision 1, cold resistance 1,
strong 1
}: 1/15 runes: decaying
a: Lesser Healing, Heal Other, Purification, Greater Healing, Divine Protection,
Renounce Religion


You were on level 1 of the Vaults.
You worshipped Elyvilon.
Elyvilon was greatly pleased with you.
You were very full.

You visited 5 branches of the dungeon, and saw 27 of its levels.
You visited the Abyss 1 time.
You also visited: Bailey, Gauntlet and Volcano.

You collected 2727 gold pieces.
You spent 2292 gold pieces at shops.

Inventory:

Hand Weapons
 m - a +2 broad axe of flaming (weapon)
 u - a +2 battleaxe of flaming
 M - a +2 war axe of venom
 P - a +2 war axe of electrocution
Missiles
 n - 61 boomerangs
 F - 28 javelins (quivered)
 G - 6 throwing nets
Armour
 p - a +0 pair of boots (worn)
 y - a +2 buckler (worn)
 B - +0 swamp dragon scales (worn)
 K - a +1 pair of gloves (worn)
 N - a +2 cloak of magic resistance (worn)
 R - the +0 scale mail of Resourcefulness {rC+ rN+ Dex+2}
   (You found it on level 1 of the Swamp)

   It affects your dexterity (+2).
   It protects you from cold.
   It protects you from negative energy.
 U - a +1 helmet of see invisible
Magical Staves
 z - an uncursed staff of earth {unknown}
 V - an uncursed staff of summoning {unknown}
Jewellery
 b - an uncursed ring of poison resistance
 i - a +4 ring of strength
 o - an uncursed ring of resist corrosion
 q - a +5 ring of protection (left hand)
 v - the ring "Poemal" {rPois rF++ MR+ Dex-2 Stlth+}
   (You found it on level 14 of the Dungeon)

   [ring of poison resistance]

   It affects your dexterity (-2).
   It greatly protects you from fire.
   It protects you from poison.
   It affects your resistance to hostile enchantments.
   It makes you more stealthy.
 x - a ring of wizardry (right hand)
 T - an uncursed ring of stealth
 W - an amulet of the gourmand (around neck)
Wands
 a - a wand of clouds (2)
 e - a wand of disintegration (16)
 j - a wand of scattershot (3)
 C - a wand of digging (4)
 L - a wand of paralysis (7)
Scrolls
 d - 6 scrolls of remove curse
 g - 5 scrolls of magic mapping
 w - 8 scrolls of identify
 H - 2 scrolls of teleportation
 I - 5 scrolls of amnesia
 S - 2 scrolls of fog
 Y - 2 scrolls of blinking
Potions
 f - 3 potions of flight
 h - 2 potions of cancellation
 k - a potion of haste
 l - 3 potions of stabbing
 r - a potion of ambrosia
 t - 6 potions of brilliance
 D - a potion of might
 E - 2 potions of curing
 Q - a potion of magic
 Z - 3 potions of resistance
Miscellaneous
 A - a phantom mirror
Comestibles
 c - 29 rations
 J - 2 chunks of flesh


   Skills:
 + Level 13.2 Fighting
 - Level 19.2 Axes
 - Level 2.8 Throwing
 - Level 16.9 Armour
 + Level 9.5 Dodging
 - Level 5.0 Stealth
 - Level 5.0 Shields
 + Level 7.7 Spellcasting
 - Level 5.3 Conjurations
 + Level 10.4 Fire Magic
 + Level 5.6 Invocations
 - Level 1.9 Evocations


You had 13 spell levels left.
You knew the following spells:

 Your Spells              Type           Power        Failure   Level  Hunger
a - Foxfire               Conj/Fire      ####         1%          1    None
b - Sticky Flame          Conj/Fire      ####....     2%          4    ####...
c - Fireball              Conj/Fire      ####......   8%          5    #####..
d - Ignition              Fire           #####.....   99%         8    #######

Your spell library contained the following spells:

 Spells                   Type           Power        Failure   Level  Hunger
 Conjure Flame            Conj/Fire      ####....     1%          3    ##.....
 Inner Flame              Hex/Fire       ###.....     2%          3    ##.....
 Animate Skeleton         Necr           N/A          7%          1    None
 Apportation              Tloc           #.....       7%          1    None
 Corona                   Hex            #......      7%          1    None
 Freeze                   Ice            #...         7%          1    None
 Infusion                 Chrm           #...         7%          1    None
 Sandblast                Erth           #.....       7%          1    None
 Summon Butterflies       Summ           #.......     7%          1    None
 Summon Small Mammal      Summ           #...         7%          1    None
 Stone Arrow              Conj/Erth      ##....       7%          3    ##.....
 Call Imp                 Summ           #.......     11%         2    None
 Passwall                 Tmut/Erth      #.......     11%         2    None
 Shroud of Golubria       Chrm/Tloc      #.....       11%         2    None
 Song of Slaying          Chrm           #.......     11%         2    None
 Call Canine Familiar     Summ           #.......     21%         3    ##.....
 Frozen Ramparts          Ice            #.....       21%         3    ##.....
 Lesser Beckoning         Tloc           #.........   21%         3    ##.....
 Ozocubu's Armour         Chrm/Ice       #.......     21%         3    ##.....
 Recall                   Summ/Tloc      N/A          21%         3    ##.....
 Spectral Weapon          Hex/Chrm       #.......     21%         3    ##.....
 Summon Guardian Golem    Hex/Summ       #.......     21%         3    ##.....
 Tukima's Dance           Hex            #.......     21%         3    ##.....
 Hailstorm                Conj/Ice       ##......     22%         4    ####...
 Starburst                Conj/Fire      ####......   38%         6    #######
 Petrify                  Tmut/Erth      #.......     52%         4    ####...
 Summon Ice Beast         Ice/Summ       #.......     52%         4    ####...
 Summon Lightning Spire   Summ/Air       #.......     52%         4    ####...
 Alistair's Intoxication  Tmut/Pois      #.......     86%         5    #####..
 Aura of Abjuration       Summ           #.........   86%         5    #####..
 Lee's Rapid Deconstruct  Erth           #.........   86%         5    #####..
 Summon Demon             Summ           #.........   86%         5    #####..
 Summon Forest            Summ/Tloc      #.........   86%         5    #####..
 Summon Mana Viper        Hex/Summ       #.......     86%         5    #####..
 Invisibility             Hex            #.......     100%        6    #######
 Shadow Creatures         Summ           N/A          100%        6    #######


Dungeon Overview and Level Annotations

Branches:
Dungeon (15/15)            Temple (1/1) D:5            Lair (6/6) D:11
  Swamp (4/4) Lair:3        Snake (0/4) Lair:4        Slime (0/5) Lair:6
    Orc (0/2) D:10         Vaults (1/5) D:14         Depths (0/5) D:15
 Bailey (visited)         Volcano (visited)         Gauntlet (visited)

Altars:
Ashenzari
Cheibriados
Dithmenos
Elyvilon
Fedhas
Gozag
Hepliaklqana
Kikubaaqudgha
Makhleb
Nemelex Xobeh
Okawaru
Qazlal
Ru
Sif Muna
Trog
Uskayaw
Vehumet
Wu Jian
Xom
Yredelemnul
Zin
The Shining One
Jiyva

Shops:
D:8 ([?%   D:9 :   D:12 !   D:13 (   D:15 (   Vaults:1 !%

Annotations:
D:6 3 runed translucent doors, emiel's ghost, novice NaFi


Innate Abilities, Weirdness & Mutations

You have a beak for a mouth.
You are partially covered in slimy green scales. (AC +2)
You are agile. (Dex +2)
Scrolls take you a little longer to read.
Your flesh is cold resistant. (rC+)
Your muscles are strong. (Str +2)


Message History

Something hits you but does no damage.
The orc knight hits you but does no damage.
You block the ogre mage's attack.
The orc knight hits you with a +0 great sword!!!
* * * LOW HITPOINT WARNING * * *
The ironbrand convoker barely misses you.
You feel much better. The orc knight closely misses you.
The ogre mage hits you but does no damage.
The two-headed ogre hits you but does no damage. x2
Something hits you.
* * * LOW HITPOINT WARNING * * *
Something drains your vigour!
You feel as though you will be slow longer.
You block something's attack.
The orc knight hits you from afar with a +0 glaive!!
* * * LOW HITPOINT WARNING * * *
The ogre mage completely misses you.
The ironbrand convoker barely misses you.
The orc knight hits you with a +0 great sword!
You die...

##### .#..O.... ....#
'..O.... ≈.8.# #.O...
≈≈..# # #.... ≈.≈.# .'
##'###### ∩≈≈.#
#'#######.......# .≈≈.#
#.......OC......# ≈...#
#....O..#..###..# ..8.#
#...O{@o#..# #..######+
....#
#...op).#..###..'......
#####
#......o#.......#......
#######
#########.......#..>...
##.....##
#######'##......
#...#...#
#.......##......
##.###.####
#.......##......
#...#...#.##
#.......##.....)
...........#
#.......########


You could see 3 orc knights, a two-headed ogre, an ogre mage, a cyclops, an
ironbrand convoker and an ogre.

Vanquished Creatures
  A thorn hunter (Swamp:4)
  Donald (Swamp:4)
  3 vault wardens (Vaults:1)
  4 ironheart preservers (Vaults:1)
  A minotaur (Gauntlet)
  A death ooze (Gauntlet)
  Fannar (Lair:2)
  Harold (D:7)
  3 ogre magi (Vaults:1)
  An ice dragon (Vaults:1)
  2 rakshasas
  3 ghost crabs
  2 catoblepae (Lair:6)
  20 hydras
  4 vault guards (Vaults:1)
  9 two-headed ogres
  6 centaur warriors
  3 shambling mangroves
  5 tengu warriors
  25 alligators
  5 death yaks (Lair:6)
  A deep troll shaman (Lair:6)
  An alligator (shapeshifter) (D:15)
  Urug (D:10)
  A deep elf knight (Vaults:1)
  A fire crab (shapeshifter) (D:14)
  A spriggan druid (Swamp:2)
  3 skeletal warriors
  9 swamp dragons
  3 unseen horrors
  A glowing orange brain (D:15)
  3 ironbrand convokers (Vaults:1)
  A lindwurm (Lair:6)
  A deep troll (D:14)
  9 orc knights
  An orc sorcerer (Vaults:1)
  7 deep elf magi
  2 anaconda skeletons (Volcano)
  A manticore (D:14)
  An oklob plant (D:11)
  11 ugly things
  5 cyclopes
  5 elephants
  3 vault sentinels (Vaults:1)
  4 black mambas
  5 torpor snails
  An apocalypse crab (Gauntlet)
  13 spiny frogs
  6 gargoyles
  A rime drake (Lair:5)
  10 komodo dragons
  2 komodo dragons (shapeshifter)
  5 yaktaurs (Vaults:1)
  An efreet (D:14)
  Maggie (D:7)
  A freezing wraith (Vaults:1)
  2 tengu conjurers (D:14)
  7 trolls
  A polar bear (shapeshifter) (D:15)
  13 hornets
  A polar bear (Lair:6)
  A wolf spider simulacrum (D:14)
  2 harpy skeletons (Volcano)
  A queen bee (Gauntlet)
  13 tyrant leeches
  14 bog bodies
  7 blink frogs
  41 slime creatures
  A hippogriff (shapeshifter) (D:13)
  13 hippogriffs
  A meliai zombie (D:12)
  3 dream sheep (Lair:6)
  2 flying skulls (Volcano)
  A spriggan (shapeshifter) (Vaults:1)
  3 vampires
  7 spriggans
  A shadow (D:12)
  32 yaks
  4 wraiths
  3 wyverns
  A human (D:10)
  A basilisk (shapeshifter) (D:15)
  20 vampire mosquitoes
  3 alligator skeletons (Volcano)
  2 hungry ghosts
  A neqoxec (Abyss:2)
  6 insubstantial wisps (Swamp:3)
  A naga (Lair:4)
  4 acid dragons
  A soldier ant (D:15)
  12 swamp worms
  An acid dragon (shapeshifter) (D:15)
  A floating eye (D:14)
  2 hell hounds (Lair:5)
  9 porcupines
  Duvessa (D:7)
  17 water moccasins
  5 sky beasts
  8 swamp drakes
  12 orc warriors
  3 ice beasts
  An eye of draining (shapeshifter) (D:14)
  2 necrophages
  5 phantoms
  An eye of draining (D:12)
  20 wolves
  8 boggarts
  12 centaurs
  12 ogres
  9 crocodiles
  24 bullfrogs
  6 big kobolds
  A wyvern zombie (D:6)
  Dowan (D:7)
  3 scorpions
  A hornet simulacrum (D:14)
  4 killer bees (Gauntlet)
  2 troll zombies (Swamp:3)
  6 wights
  3 troll skeletons
  5 electric eels
  3 centaur zombies
  4 crimson imps
  4 centaur skeletons
  A bullfrog zombie (D:11)
  6 hounds
  2 jellies
  Crazy Yiuf (D:7)
  5 bullfrog skeletons
  15 orc priests
  12 orc wizards
  6 iguanas
  6 worker ants
  A killer bee zombie (D:8)
  2 naga skeletons (Volcano)
  2 hound skeletons
  A hound zombie (D:2)
  2 worker ant zombies
  15 adders
  12 gnolls
  3 shadow imps
  An adder zombie (D:9)
  3 worms
  5 adder skeletons
  A dart slug (D:2)
  3 leopard geckos
  47 orcs
  A ball python (D:8)
  9 bats
  6 giant cockroaches
  36 goblins
  29 hobgoblins
  14 jackals
  2 quokkas (D:3)
  6 frilled lizards
  45 kobolds
  9 rats
  2 fungi
  8 plants
964 creatures vanquished.

Vanquished Creatures (others)
  An unseen horror (D:14)
  A flying skull (Volcano)
  A floating eye (D:14)
  An orc warrior (Vaults:1)
  A boggart (Vaults:1)
  An orc wizard (D:12)
  3 briar patches (Swamp:4)
  1075 foxfires
  2 fungi (Lair:6)
  13 plants
1099 creatures vanquished.

Grand Total: 2063 creatures vanquished

Notes
Turn   | Place    | Note
-------+----------+-------------------------------------------
     0 | D:1      | Lugonue the Hill Orc Fire Elementalist began the quest for
                  | the Orb.
     0 | D:1      | Reached XP level 1. HP: 14/14 MP: 3/3
   307 | D:1      | Reached XP level 2. HP: 22/22 MP: 1/4
   903 | D:2      | Reached XP level 3. HP: 18/27 MP: 1/6
   953 | D:2      | Found a bloodstained altar of Trog.
  1337 | D:2      | Reached skill level 1 in Fighting
  1337 | D:2      | Reached XP level 4. HP: 34/35 MP: 7/7
  1471 | D:2      | Found an iron altar of Okawaru.
  1471 | D:2      | Found a sparkling altar of Nemelex Xobeh.
  1878 | D:3      | Reached XP level 5. HP: 18/40 MP: 6/8
  2908 | D:3      | Found a snail-covered altar of Cheibriados.
  3184 | D:4      | Reached XP level 6. HP: 34/48 MP: 6/9
  3230 | D:4      | Reached skill level 1 in Axes
  3598 | D:4      | Reached skill level 2 in Axes
  3823 | D:4      | Reached XP level 7. HP: 52/57 MP: 10/10
  3903 | D:4      | Reached skill level 3 in Axes
  3903 | D:4      | Reached skill level 1 in Armour
  3907 | D:4      | Found a shadowy altar of Dithmenos.
  4203 | D:4      | Learned a level 4 spell: Sticky Flame
  4396 | D:5      | Entered Level 5 of the Dungeon
  4396 | D:5      | Found a staircase to the Ecumenical Temple.
  4416 | D:5      | Reached skill level 4 in Axes
  4459 | Temple   | Entered the Ecumenical Temple
  4596 | D:5      | Reached XP level 8. HP: 25/63 MP: 10/12
  5027 | D:5      | Reached skill level 5 in Axes
  5372 | D:5      | Reached skill level 6 in Axes
  5689 | D:6      | Noticed emiel's ghost (novice NaFi)
  5690 | D:6      | Noticed a cyclops
  5697 | D:6      | Found a runed translucent gate.
  5697 | D:6      | Found a runed translucent gate.
  5697 | D:6      | Found a runed translucent gate.
  5709 | D:6      | Reached skill level 5 in Fire Magic
  5745 | D:6      | Reached skill level 1 in Evocations
  5930 | D:6      | Reached skill level 7 in Axes
  6487 | D:6      | Reached XP level 9. HP: 45/71 MP: 9/13
  6597 | D:6      | Gained mutation: You tend to lose your temper in combat.
                  | [potion of mutation]
  6597 | D:6      | Gained mutation: You are clumsy. (Dex -2) [potion of
                  | mutation]
  6597 | D:6      | Gained mutation: Your movements are slightly less
                  | encumbered by armour. (ER -2) [potion of mutation]
  6597 | D:6      | Gained mutation: Your mind is acute. (Int +2) [potion of
                  | mutation]
  6598 | D:6      | Lost mutation: Your movements are slightly less encumbered
                  | by armour. (ER -2) [potion of mutation]
  6598 | D:6      | Lost mutation: You are clumsy. (Dex -2) [potion of
                  | mutation]
  6598 | D:6      | Lost mutation: Your mind is acute. (Int +2) [potion of
                  | mutation]
  6598 | D:6      | Gained mutation: Your flesh is cold resistant. (rC+)
                  | [potion of mutation]
  6598 | D:6      | Gained mutation: You are robust. (+10% HP) [potion of
                  | mutation]
  6665 | D:6      | Noticed a troll
  6682 | D:6      | Killed a troll
  6792 | D:6      | Found a shattered altar of Ashenzari.
  6792 | D:6      | Found a hide-covered altar of Uskayaw.
  7793 | D:6      | Reached skill level 8 in Axes
  7986 | D:7      | Noticed Duvessa
  7986 | D:7      | Noticed Dowan
  7999 | D:7      | Killed Duvessa
  8005 | D:7      | Killed Dowan
  8061 | D:7      | Noticed Maggie
  8121 | D:7      | Killed Maggie
  8121 | D:7      | Reached skill level 5 in Fighting
  8121 | D:7      | Reached skill level 1 in Throwing
  8143 | D:7      | Reached skill level 9 in Axes
  8204 | D:7      | Found a runed translucent door.
  8222 | D:7      | Noticed Crazy Yiuf
  8230 | D:7      | Killed Crazy Yiuf
  8703 | D:8      | Noticed Harold
  8717 | D:7      | Killed Harold
  8717 | D:7      | Reached XP level 10. HP: 61/91 MP: 3/15
  8894 | D:8      | Noticed a two-headed ogre
  8919 | D:8      | Killed a two-headed ogre
  8919 | D:8      | Reached skill level 10 in Axes
  8963 | D:8      | Found a flagged portal.
  8999 | Bailey   | Entered a bailey
  9126 | Bailey   | Noticed an orc knight
  9508 | Bailey   | Killed an orc knight
  9763 | D:8      | Found Giug's Magic Scroll Boutique.
  9774 | D:8      | Bought a scroll of teleportation for 42 gold pieces
  9774 | D:8      | Bought a scroll of fear for 49 gold pieces
  9845 | D:8      | Reached skill level 5 in Conjurations
  9889 | D:8      | Noticed a two-headed ogre
  9917 | D:8      | Killed a two-headed ogre
  9917 | D:8      | Reached skill level 11 in Axes
  9917 | D:8      | Reached XP level 11. HP: 32/97 MP: 9/17
 10218 | D:8      | Found Gobleoc's Food Boutique.
 10362 | D:8      | Found Rull's Antique Weapon Emporium.
 10371 | D:8      | Bought a brightly glowing war axe for 263 gold pieces
 10371 | D:8      | Identified the +6 war axe of Tekeaw {vorpal, *Rage rElec
                  | MR+} (You bought it in a shop on level 8 of the Dungeon)
 10396 | D:8      | Found Jienk's Armour Shop.
 10404 | D:8      | Bought a +0 cloak of magic resistance for 172 gold pieces
 10812 | D:9      | Paralysed by a hornet for 2 turns
 10844 | D:9      | Reached skill level 12 in Axes
 11045 | D:9      | Found Nuham's Book Shoppe.
 11241 | D:9      | Found a white marble altar of Elyvilon.
 11274 | D:9      | Became a worshipper of Elyvilon the Healer
 11287 | D:10     | Entered Level 10 of the Dungeon
 11387 | D:10     | Killed an unseen horror
 11387 | D:10     | Reached skill level 5 in Armour
 11447 | D:10     | Noticed a deep elf mage
 11745 | D:10     | Reached skill level 13 in Axes
 12225 | D:10     | Killed a deep elf mage
 12257 | D:10     | Found a staircase to the Orcish Mines.
 12294 | D:10     | Reached * piety under Elyvilon
 12570 | D:10     | Noticed Urug
 12587 | D:10     | Killed Urug
 12833 | D:11     | Reached XP level 12. HP: 95/110 MP: 19/19
 12839 | D:11     | Reached skill level 14 in Axes
 12960 | D:11     | Found a staircase to the Lair.
 12996 | D:11     | Found a gate leading to a gauntlet.
 13006 | Gauntlet | Entered a Gauntlet
 13006 | Gauntlet | Found a transporter.
 13006 | Gauntlet | Found a transporter.
 13006 | Gauntlet | Found a runed translucent gate.
 13008 | Gauntlet | Found a runed translucent gate.
 13015 | Gauntlet | Found a runed translucent door.
 13021 | Gauntlet | Found a runed translucent gate.
 13026 | Gauntlet | Found a transporter.
 13029 | Gauntlet | Found a transporter.
 13048 | Gauntlet | Reached skill level 5 in Stealth
 13053 | Gauntlet | Found a transporter.
 13334 | Gauntlet | Found a transporter.
 13345 | Gauntlet | Found a transporter.
 13348 | Gauntlet | Found a transporter.
 13349 | Gauntlet | Found a transporter.
 13349 | Gauntlet | Found a transporter.
 13359 | Gauntlet | Noticed a death ooze
 13373 | Gauntlet | Killed a death ooze
 13386 | Gauntlet | Found a runed translucent door.
 13392 | Gauntlet | Found a runed translucent door.
 13396 | Gauntlet | Found a transporter.
 13396 | Gauntlet | Found a transporter.
 13581 | Gauntlet | Got a steaming robe
 13597 | Gauntlet | Identified the +1 robe "Colugigg" {rPois rN+ Regen+ Dex-5}
                  | (You found it in a Gauntlet)
 13608 | Gauntlet | Noticed a minotaur
 13618 | Gauntlet | Killed a minotaur
 14076 | D:11     | You fall into a shaft and drop 2 floors!
 14132 | D:13     | Found Ykhos's Weapon Emporium.
 14255 | D:12     | Reached skill level 15 in Axes
 14597 | D:12     | Found Laqohus's Distillery.
 14604 | D:12     | Reached skill level 5 in Dodging
 14615 | D:12     | Bought a potion of heal wounds for 65 gold pieces
 14615 | D:12     | Bought a potion of heal wounds for 65 gold pieces
 14615 | D:12     | Bought a potion of heal wounds for 65 gold pieces
 14615 | D:12     | Bought a potion of curing for 39 gold pieces
 15175 | D:12     | Reached ** piety under Elyvilon
 15201 | D:12     | Learned a level 5 spell: Fireball
 15407 | D:11     | Gained mutation: Scrolls take you a little longer to read.
                  | [mutagenic glow]
 15743 | Lair:1   | Entered Level 1 of the Lair of Beasts
 15754 | Lair:1   | Reached skill level 16 in Axes
 16012 | Lair:1   | Reached XP level 13. HP: 54/118 MP: 20/20
 16759 | Lair:1   | Reached skill level 10 in Armour
 17036 | Lair:1   | Reached *** piety under Elyvilon
 17387 | Lair:2   | Noticed Fannar
 17848 | Lair:2   | Killed Fannar
 18064 | Lair:2   | Reached **** piety under Elyvilon
 18319 | Lair:3   | Found a staircase to the Swamp.
 18515 | Lair:3   | Found a snail-covered altar of Cheibriados.
 18762 | Lair:3   | Lost mutation: You tend to lose your temper in combat.
                  | [potion of mutation]
 18762 | Lair:3   | Lost mutation: You are robust. (+10% HP) [potion of
                  | mutation]
 18762 | Lair:3   | Gained mutation: Armour fits poorly on your strangely
                  | shaped body. [potion of mutation]
 18762 | Lair:3   | Gained mutation: Scrolls take you longer to read. [potion
                  | of mutation]
 18762 | Lair:3   | Gained mutation: You have a beak for a mouth. [potion of
                  | mutation]
 18762 | Lair:3   | Gained mutation: You expend magic power (3 MP) to
                  | strengthen your wands. [potion of mutation]
 19301 | Lair:4   | Reached skill level 1 in Invocations
 19348 | Lair:4   | Found a staircase to the Snake Pit.
 20584 | Lair:5   | Reached XP level 14. HP: 92/116 MP: 21/21
 20932 | Lair:5   | Found a dark tunnel.
 21120 | Volcano  | Entered a volcano
 21206 | Volcano  | Cast into level 2 of the Abyss (gargoyle)
 21265 | Volcano  | Escaped the Abyss
 22577 | Swamp:1  | Entered Level 1 of the Swamp
 23164 | Lair:6   | Entered Level 6 of the Lair of Beasts
 23436 | Lair:6   | Found a viscous altar of Jiyva.
 23436 | Lair:6   | Found a staircase to the Slime Pits.
 23896 | Lair:6   | Found a white marble altar of Elyvilon.
 24067 | Lair:6   | Reached skill level 5 in Spellcasting
 25422 | D:11     | Reached skill level 15 in Armour
 26334 | D:13     | Reached ***** piety under Elyvilon
 26700 | D:14     | Reached skill level 17 in Axes
 26700 | D:14     | Reached XP level 15. HP: 115/125 MP: 23/23
 26894 | D:14     | Found a gate to the Vaults.
 27629 | D:14     | Got a coiled diamond amulet
 27630 | D:14     | Identified the amulet "Vurrovap" {Inacc rC+ rN+ Str-4} (You
                  | found it on level 14 of the Dungeon)
 27659 | D:14     | Identified the cursed +1 mace "Loni" {speed, *Noise Int+7}
 27704 | D:14     | Reached skill level 10 in Fighting
 28086 | D:14     | Got a slimy jade ring
 28089 | D:14     | Identified the ring "Poemal" {rPois rF++ MR+ Dex-2 Stlth+}
                  | (You found it on level 14 of the Dungeon)
 28339 | D:14     | Paralysed by a floating eye for 2 turns
 29331 | D:15     | Entered Level 15 of the Dungeon
 29459 | D:15     | Reached skill level 1 in Shields
 30142 | D:15     | Found a staircase to the Depths.
 30791 | D:15     | Found Zupeonla's Antique Weapon Boutique.
 30799 | D:15     | Bought a crystal war axe for 272 gold pieces
 30827 | D:15     | Lost mutation: Armour fits poorly on your strangely shaped
                  | body. [potion of mutation]
 30827 | D:15     | Lost mutation: You expend magic power (3 MP) to strengthen
                  | your wands. [potion of mutation]
 30827 | D:15     | Lost mutation: Scrolls take you longer to read. [potion of
                  | mutation]
 30827 | D:15     | Gained mutation: Your muscles are strong. (Str +2) [potion
                  | of mutation]
 30827 | D:15     | Gained mutation: You are agile. (Dex +2) [potion of
                  | mutation]
 30827 | D:15     | Gained mutation: You are partially covered in slimy green
                  | scales. (AC +2) [potion of mutation]
 30858 | D:15     | Reached skill level 18 in Axes
 31396 | D:9      | Bought Legumoh's Volume of Ignition and Clay for 1050 gold
                  | pieces
 31405 | D:9      | Learned a level 8 spell: Ignition
 31755 | Swamp:1  | Reached XP level 16. HP: 90/136 MP: 17/25
 32185 | Swamp:1  | Identified the +3 war axe "Gautiu" {drain, *Drain rElec rN+
                  | Dex+6} (You bought it in a shop on level 15 of the Dungeon)
 32190 | Swamp:1  | Got an encrusted scale mail
 32201 | Swamp:1  | Identified the cursed +0 scale mail of Resourcefulness {rC+
                  | rN+ Dex+2} (You found it on level 1 of the Swamp)
 34280 | Swamp:3  | Reached skill level 5 in Shields
 35497 | Swamp:4  | Entered Level 4 of the Swamp
 35528 | Swamp:4  | Noticed Donald
 35548 | Swamp:4  | Killed Donald
 35825 | Swamp:4  | Reached skill level 5 in Invocations
 35849 | Swamp:4  | Reached XP level 17. HP: 104/146 MP: 22/27
 35881 | Swamp:4  | Elyvilon protects you from harm!
 36706 | Swamp:4  | Got a decaying rune of Zot
 37055 | Vaults:1 | Entered Level 1 of the Vaults
 37095 | Vaults:1 | Found Yczicas's Distillery.
 37130 | Vaults:1 | Reached skill level 10 in Fire Magic
 37273 | Vaults:1 | Bought a potion of haste for 140 gold pieces
 37273 | Vaults:1 | Bought a potion of heal wounds for 70 gold pieces
 37589 | Vaults:1 | Reached skill level 19 in Axes
 38863 | Vaults:1 | Found Ypotiat's Food Emporium.
 39050 | Vaults:1 | HP: 3/150 [orc knight/+0 glaive (27)]
 39050 | Vaults:1 | Mangled by an orc knight

Levels and vault maps discovered:
D:1:      minmay_arrival_four_circles, layout_loops_ring, patterned_corridor
D:2:      layout_basic, gammafunk_temple_overflow_wave, lemuel_crystal_altar,
          kennysheep_generic_room_15
D:3:      layout_loops_corners, lemuel_round_altar
D:4:      layout_gridville, grunt_dithmenos_smoke
D:5:      layout_loops_ring, minmay_temple_entry_large_hall, first_ration
D:6:      minmay_goblin_kobold_castle, layout_basic,
          gammafunk_temple_overflow_elements, gammafunk_ghost_split,
          serial_glass, glass_columns_a, glass_columns_b
D:7:      layout_rooms, nicolae_sextant, minmay_manual_monstrance,
          uniq_crazy_yiuf_cottage, uniq_duvessa, uniq_maggie
D:8:      layout_basic, serial_shops, shop, nicolae_shop_trees,
          nicolae_shop_overgrown_old_shop, nicolae_shop_statue_plus,
          enter_bailey_7, uniq_harold
D:9:      layout_long_grid, kennysheep_mini_moat, serial_shops, shop
D:10:     layout_big_octagon, orc_0_dummy, serial_rivers,
          chequers_serial_rivers_large_b, chequers_serial_rivers_micro_a,
          chequers_serial_rivers_micro_a, chequers_serial_rivers_micro_d,
          chequers_serial_rivers_small_b, hangedman_stone_soup,
          kennysheep_generic_room_2, uniq_urug
D:11:     layout_gridville, dpeg_oklobed_lair, gauntlet_entry_generic
D:12:     layout_basic, serial_shops, shop
D:13:     layout_cave_pods, serial_shops, shop
D:14:     minmay_swirls_squares, layout_irregular_city,
          hangedman_abyss_or_decor_jellyfish_corner, onia_ninara_cookie
D:15:     gammafunk_enter_depths_forms, layout_cave_pods, serial_shops,
          shop_statue, serial_bayou_pond_e
Temple:   regret_index_temple_waves
Lair:1:   beast_lair_carwin_large_2, layout_gridlike, serial_bayou,
          serial_bayou_shore_a, serial_bayou_pond_d, serial_bayou_pond_a,
          serial_bayou_pond_b
Lair:2:   layout_cave_pods, grunt_megastairs_5, uniq_fannar
Lair:3:   layout_loops_ring, skrybe_swamp_entry_bodies, kennysheep_snail_temple
Lair:4:   layout_long_grid, guppyfry_snake_entry_island, beast_lair_carwin_6,
          infiniplex_staircase_pool_2, grunt_megastairs_3
Lair:5:   layout_regular_city, enter_volcano_3
Lair:6:   grunt_lair_end_beastmaster, layout_hall_layers,
          dpeg_slime_entry_enclosed_altar, basic_altar, nicolae_lair_yak_garden
Swamp:1:  layout_basic_swamp, nicolae_swamp_little_tower
Swamp:2:  layout_basic_swamp, evilmike_swamp_ruin_house_1
Swamp:3:  layout_basic_swamp, nicolae_swamp_stair_fork, swamp_pool5,
          cheibrodos_swamp_minitomb
Swamp:4:  swamp, layout_basic_swamp, uniq_donald
Vaults:1: v_rooms_1, nicolae_vaults_big_angled_halls,
          nicolae_vaults_circle_grid_b, vaults_room_mumra_shop_pool,
          nicolae_vaults_big_ls, v_misc_10, special_room_vaults
          [special_room_orc], vaults_room_pool, v_rooms_4,
          nicolae_vaults_yaktaur_gun_rack, vaults_room_pools,
          layout_vaults_omnicross, serial_shops, nicolae_shop_crystal

Skill      XL: |  1  2  3  4  5  6  7  8  9 10 11 12 13 14 15 16 17 |
---------------+----------------------------------------------------+-----
Spellcasting   | 2 3 4 5 6 7 |  7.7
Fire Magic     | 4 5 6 7 8 9 10 | 10.4
Fighting       | 1 2 3 5 6 7 8 9 10 11 13 | 13.2
Dodging        | 2 3 4 5 6 7 8 9 |  9.5
Stealth        | 2 3 4 5 |  5.0
Axes           | 2 4 7 9 11 13 16 17 18 19 | 19.2
Conjurations   | 2 3 5 |  5.3
Armour         | 2 3 4 5 8 13 15 16 | 16.9
Evocations     | 1 |  1.9
Throwing       | 2 |  2.8
Invocations    | 2 4 5 |  5.6
Shields        | 3 5 |  5.0

Action                   |  1- 3 |  4- 6 |  7- 9 | 10-12 | 13-15 | 16-18 || total
-------------------------+-------+-------+-------+-------+-------+-------++-------
Melee: Unarmed           |     5 |       |       |       |       |       ||     5
       Spear             |    61 |    80 |       |       |       |       ||   141
       Hand axe          |       |    54 |   389 |    51 |       |       ||   494
       Battleaxe         |       |       |       |    52 |   460 |       ||   512
       War axe           |       |       |       |   250 |   103 |       ||   353
       Broad axe         |       |       |       |   179 |   717 |   793 ||  1689
       Peck              |       |       |       |       |   176 |   184 ||   360
Throw: Dart              |       |     8 |    12 |    19 |       |       ||    39
       Throwing net      |       |       |       |     2 |       |       ||     2
       Boomerang         |       |       |       |     2 |       |       ||     2
       Javelin           |       |       |       |     8 |       |       ||     8
 Cast: Foxfire           |    28 |    26 |    41 |    98 |   202 |   243 ||   638
       Sticky Flame      |       |       |    25 |    27 |    61 |    65 ||   178
       Fireball          |       |       |       |     3 |       |    14 ||    17
Invok: Lesser Healing    |       |       |       |     3 |    14 |     3 ||    20
       Greater Healing   |       |       |       |       |    23 |    18 ||    41
Evoke: Wand              |       |       |     6 |     2 |    14 |     4 ||    26
       Phantom mirror    |       |       |       |       |     2 |       ||     2
  Use: Potion            |       |     2 |     6 |    10 |    24 |     6 ||    48
       Scroll            |       |     4 |     8 |     9 |    12 |     9 ||    42
 Stab: Sleeping          |     5 |     3 |     1 |    10 |     4 |     2 ||    25
       Invisible         |       |       |     4 |       |       |       ||     4
       Confused          |       |       |     1 |       |       |       ||     1
       Paralysed         |       |       |       |       |     6 |       ||     6
       Petrified         |       |       |       |       |     1 |       ||     1
       Distracted        |       |       |       |       |     3 |     1 ||     4
  Eat: Chunk             |     2 |     4 |    19 |    14 |    42 |    55 ||   136
       Ration            |       |     1 |     1 |     6 |    10 |     1 ||    19
Armor: Robe              |    14 |     9 |       |       |       |       ||    23
       Ring mail         |       |    14 |   108 |       |       |       ||   122
       Skin              |       |       |    25 |       |       |       ||    25
       Troll leather arm |       |       |    49 |       |       |       ||    49
       Acid dragon scale |       |       |    15 |   170 |       |       ||   185
       Scale mail        |       |       |       |   108 |   478 |   125 ||   711
       Plate armour      |       |       |       |    13 |   408 |       ||   421
       Swamp dragon scal |       |       |       |       |       |   259 ||   259
Dodge: Dodged            |    46 |    78 |   273 |   334 |   663 |   462 ||  1856
Block: Buckler           |       |       |       |       |    62 |   268 ||   330

Table legend:
 A = Non-vault XP
 B = Vault XP
 C = Vault XP percentage of total XP
 D = Non-vault monster count
 E = Vault monster count
 F = Vault count percentage of total count
                 A         B        C        D         E       F
            +---------+---------+-------+---------+---------+-------
      Total |  160053 |   83186 |  34.2 |     662 |     296 |  30.9
            +---------+---------+-------+---------+---------+-------
        D:1 |      19 |       0 |   0.0 |      13 |       0 |   0.0
        D:2 |      78 |       0 |   0.0 |      29 |       0 |   0.0
        D:3 |     190 |       0 |   0.0 |      24 |       0 |   0.0
        D:4 |     733 |       0 |   0.0 |      22 |       0 |   0.0
        D:5 |     509 |       0 |   0.0 |      27 |       0 |   0.0
        D:6 |    1545 |     376 |  19.6 |      23 |      61 |  72.6
        D:7 |     251 |    1762 |  87.5 |       3 |       9 |  75.0
        D:8 |    2797 |      34 |   1.2 |      15 |       4 |  21.1
        D:9 |    3081 |       0 |   0.0 |      35 |       0 |   0.0
       D:10 |    2290 |    1717 |  42.9 |      28 |       6 |  17.6
       D:11 |    3575 |     542 |  13.2 |      33 |       1 |   2.9
       D:12 |    6309 |       0 |   0.0 |      38 |       0 |   0.0
       D:13 |    6121 |       0 |   0.0 |      22 |       0 |   0.0
       D:14 |   11203 |   13868 |  55.3 |      35 |      35 |  50.0
       D:15 |   10699 |    3327 |  23.7 |      30 |       8 |  21.1
     Lair:1 |    5284 |    1255 |  19.2 |      21 |       9 |  30.0
     Lair:2 |    3040 |     997 |  24.7 |      15 |       1 |   6.2
     Lair:3 |    4711 |    2162 |  31.5 |      23 |       6 |  20.7
     Lair:4 |    3170 |    3513 |  52.6 |      18 |      13 |  41.9
     Lair:5 |    2089 |     290 |  12.2 |      10 |       2 |  16.7
     Lair:6 |    4742 |   11026 |  69.9 |      15 |      21 |  58.3
    Swamp:1 |   12121 |       0 |   0.0 |      32 |       0 |   0.0
    Swamp:2 |   16748 |       0 |   0.0 |      39 |       0 |   0.0
    Swamp:3 |   17713 |    1247 |   6.6 |      41 |       7 |  14.6
    Swamp:4 |    9948 |   16924 |  63.0 |      24 |      22 |  47.8
   Vaults:1 |   30911 |   14556 |  32.0 |      46 |      38 |  45.2
    Abyss:2 |     176 |       0 |   0.0 |       1 |       0 |   0.0
     Bailey |       0 |    1307 | 100.0 |       0 |      27 | 100.0
    Volcano |       0 |    5107 | 100.0 |       0 |      18 | 100.0
   Gauntlet |       0 |    3176 | 100.0 |       0 |       8 | 100.0
            +---------+---------+-------+---------+---------+-------
